[ AOE2 MATCH · #507135824 ]
UnrankedWei vs Burmese
Player's team · WIN
Rival team · LOSS
[ REPLAY ANALYSIS · EXTRACTED FROM THE RECORDED GAME ]
Feudal
8:53
Castle
22:57
Imperial
39:24
| APM avg | 58.3 |
| APM peak | 107 |
| eAPM avg | 32.7 |
| Villagers / military | 140 / 135 |
Focus
⚔️ 42.8% · 🌾 57.2%
Skirmisher ×73 · Archer ×53 · Unknown (1952) ×29 · Unknown (1944) ×22 · Unknown (1942) ×17 · Mangonel ×4
Feudal
16:07
Castle
23:18
Imperial
39:49
| APM avg | 53.1 |
| APM peak | 85 |
| eAPM avg | 30.0 |
| Villagers / military | 187 / 124 |
Focus
⚔️ 38.7% · 🌾 61.3%
Skirmisher ×38 · Scout Cavalry ×36 · Battle Elephant ×25 · Militia ×12 · Monk ×5 · Mangonel ×4
Match map
Initial resources + every placement click. Lines = walls · curves = elevation contours. ◆ gold · ⬟ stone · ● berries · ✦ relic · ◌ wall gap
Your base· Open — opponent sealed themselves in
LiyCoh's base· ✓ Closed at 23:18 · 75t walls · no gate
Smoothed initial terrain · ◌ = detected wall gap · hover for details
Inputs per minute
— CNZS_迷你车仁 - - LiyCoh
Build order — CNZS_迷你车仁
First 150 of 610 actions detected
| 0:00 | Queue | Villager (Male) |
| 0:00 | Queue | Villager (Male) |
| 0:02 | Build | House |
| 0:02 | Build | House |
| 0:06 | Queue | Villager (Male) |
| 0:09 | Queue | Villager (Male) |
| 1:28 | Queue | Villager (Male) |
| 1:28 | Queue | Villager (Male) |
| 1:46 | Build | Lumber Camp |
| 2:01 | Queue | Villager (Male) |
| 2:01 | Queue | Villager (Male) |
| 2:04 | Queue | Villager (Male) |
| 2:04 | Queue | Villager (Male) |
| 2:52 | Queue | Villager (Male) |
| 2:52 | Queue | Villager (Male) |
| 3:11 | Queue | Villager (Male) |
| 3:11 | Queue | Villager (Male) |
| 3:28 | Queue | Villager (Male) |
| 3:29 | Queue | Villager (Male) |
| 3:42 | Queue | Villager (Male) |
| 3:42 | Queue | Villager (Male) |
| 3:44 | Build | House |
| 3:47 | Build | House |
| 4:26 | Queue | Villager (Male) |
| 4:26 | Queue | Villager (Male) |
| 4:38 | Queue | Villager (Male) |
| 5:04 | Build | Palisade Gate |
| 5:19 | Build | Mill |
| 5:21 | Queue | Villager (Male) |
| 5:58 | Research | Loom |
| 6:43 | Research | Feudal Age |
| 6:43 | Research | Feudal Age |
| 8:30 | Queue | Villager (Male) |
| 8:30 | Queue | Villager (Male) |
| 8:34 | Build | Barracks |
| 8:53 | Age | Feudal Age |
| 9:02 | Queue | Villager (Male) |
| 9:14 | Research | Double-Bit Axe |
| 9:14 | Research | Double-Bit Axe |
| 9:30 | Build | Palisade Wall |
| 9:31 | Build | Palisade Wall |
| 9:33 | Build | Palisade Wall |
| 9:38 | Build | Palisade Gate |
| 9:44 | Build | Palisade Wall |
| 9:45 | Build | Palisade Wall |
| 9:50 | Queue | Villager (Male) |
| 9:50 | Queue | Villager (Male) |
| 10:08 | Queue | Villager (Male) |
| 10:21 | Queue | Villager (Male) |
| 10:38 | Build | Archery Range |
| 10:48 | Build | House |
| 11:07 | Build | House |
| 11:07 | Build | House |
| 11:27 | Queue | Archer |
| 11:27 | Queue | Archer |
| 11:37 | Build | Mining Camp |
| 11:52 | Build | Palisade Wall |
| 11:59 | Queue | Villager (Male) |
| 12:33 | Queue | Villager (Male) |
| 12:33 | Queue | Villager (Male) |
| 12:42 | Build | Palisade Gate |
| 12:45 | Build | House |
| 12:56 | Build | Palisade Wall |
| 13:02 | Build | Mill |
| 13:04 | Queue | Villager (Male) |
| 13:05 | Build | Mill |
| 13:09 | Build | Palisade Wall |
| 13:26 | Queue | Archer |
| 13:26 | Queue | Archer |
| 13:26 | Queue | Archer |
| 13:45 | Queue | Villager (Male) |
| 13:54 | Build | Farm |
| 13:58 | Build | Farm |
| 13:59 | Build | Farm |
| 14:16 | Queue | Villager (Male) |
| 14:18 | Build | Farm |
| 14:27 | Queue | Archer |
| 14:42 | Queue | Villager (Male) |
| 14:42 | Queue | Villager (Male) |
| 14:44 | Build | Farm |
| 15:07 | Queue | Archer |
| 15:09 | Queue | Villager (Male) |
| 15:16 | Queue | Villager (Male) |
| 15:50 | Queue | Villager (Male) |
| 15:55 | Build | Mining Camp |
| 16:07 | Build | Watch Tower |
| 16:18 | Build | Blacksmith |
| 16:29 | Build | Watch Tower |
| 16:33 | Queue | Villager (Male) |
| 16:38 | Build | Farm |
| 16:39 | Queue | Villager (Male) |
| 16:54 | Build | Watch Tower |
| 17:01 | Build | Farm |
| 17:02 | Queue | Villager (Male) |
| 17:03 | Build | House |
| 17:06 | Research | Fletching |
| 17:06 | Research | Fletching |
| 17:20 | Queue | Archer |
| 17:20 | Queue | Archer |
| 17:25 | Build | Farm |
| 17:38 | Build | Stone Wall |
| 17:38 | Build | Stone Wall |
| 17:38 | Build | Stone Wall |
| 17:45 | Build | House |
| 17:45 | Build | House |
| 17:46 | Build | House |
| 17:55 | Queue | Villager (Male) |
| 18:01 | Research | Town Watch |
| 18:02 | Research | Town Watch |
| 18:08 | Build | Farm |
| 18:22 | Queue | Archer |
| 18:23 | Queue | Villager (Male) |
| 18:36 | Build | Farm |
| 18:37 | Build | Farm |
| 18:49 | Queue | Villager (Male) |
| 19:07 | Build | Watch Tower |
| 19:13 | Build | House |
| 19:16 | Build | House |
| 19:27 | Queue | Villager (Male) |
| 19:51 | Queue | Villager (Male) |
| 19:55 | Build | Farm |
| 20:17 | Research | Castle Age |
| 20:17 | Research | Castle Age |
| 20:21 | Build | Stone Wall |
| 20:22 | Build | Stone Wall |
| 20:22 | Build | Stone Wall |
| 20:23 | Build | Stone Wall |
| 20:32 | Build | Palisade Wall |
| 20:47 | Build | Archery Range |
| 20:47 | Queue | Archer |
| 20:48 | Queue | Archer |
| 21:08 | Research | Gold Mining |
| 21:11 | Research | Stone Mining |
| 21:11 | Research | Stone Mining |
| 21:52 | Build | Lumber Camp |
| 22:03 | Build | Watch Tower |
| 22:20 | Build | Farm |
| 22:50 | Build | Palisade Wall |
| 22:55 | Research | Horse Collar |
| 22:57 | Age | Castle Age |
| 23:04 | Queue | Villager (Male) |
| 23:05 | Research | Crossbowman (upgrade) |
| 23:06 | Research | Bodkin Arrow |
| 23:19 | Build | Siege Workshop |
| 23:34 | Queue | Villager (Male) |
| 24:01 | Queue | Archer |
| 24:02 | Queue | Archer |
| 24:02 | Queue | Archer |
| 24:02 | Queue | Villager (Male) |
| 24:03 | Queue | Villager (Male) |
Build order — LiyCoh
First 150 of 525 actions detected
| 0:00 | Queue | Villager (Male) |
| 0:00 | Queue | Villager (Male) |
| 0:01 | Build | House |
| 0:02 | Build | House |
| 0:12 | Queue | Villager (Male) |
| 0:13 | Queue | Villager (Male) |
| 1:35 | Queue | Villager (Male) |
| 1:54 | Build | Lumber Camp |
| 2:00 | Queue | Villager (Male) |
| 2:22 | Queue | Villager (Male) |
| 2:56 | Research | Loom |
| 2:56 | Queue | Villager (Male) |
| 3:00 | Queue | Villager (Male) |
| 3:53 | Build | House |
| 3:57 | Build | House |
| 4:06 | Queue | Villager (Male) |
| 4:34 | Queue | Villager (Male) |
| 4:34 | Queue | Villager (Male) |
| 4:56 | Build | Barracks |
| 5:10 | Queue | Villager (Male) |
| 5:36 | Build | Palisade Wall |
| 5:36 | Build | Palisade Wall |
| 5:36 | Build | Palisade Wall |
| 5:44 | Queue | Villager (Male) |
| 5:54 | Queue | Militia |
| 5:55 | Queue | Militia |
| 6:19 | Queue | Villager (Male) |
| 6:22 | Build | Mill |
| 6:30 | Queue | Militia |
| 6:30 | Queue | Villager (Male) |
| 6:43 | Queue | Militia |
| 7:09 | Queue | Villager (Male) |
| 7:30 | Queue | Militia |
| 7:30 | Queue | Militia |
| 7:52 | Queue | Villager (Male) |
| 7:58 | Build | House |
| 8:08 | Queue | Villager (Male) |
| 8:21 | Build | Mill |
| 8:27 | Queue | Militia |
| 8:28 | Queue | Militia |
| 8:31 | Build | Palisade Wall |
| 8:32 | Build | Palisade Wall |
| 8:33 | Build | Palisade Wall |
| 8:39 | Queue | Villager (Male) |
| 8:59 | Build | Palisade Wall |
| 9:00 | Build | Palisade Wall |
| 9:01 | Queue | Militia |
| 9:02 | Queue | Villager (Male) |
| 9:15 | Queue | Villager (Male) |
| 9:25 | Build | Palisade Wall |
| 9:37 | Build | Palisade Wall |
| 9:38 | Build | Palisade Wall |
| 9:44 | Queue | Militia |
| 9:45 | Queue | Villager (Male) |
| 9:55 | Build | Palisade Wall |
| 10:05 | Queue | Villager (Male) |
| 10:13 | Build | Farm |
| 10:15 | Build | Farm |
| 10:18 | Build | Palisade Wall |
| 10:25 | Build | House |
| 10:35 | Queue | Villager (Male) |
| 10:39 | Build | House |
| 10:49 | Build | House |
| 11:16 | Queue | Villager (Male) |
| 11:17 | Build | Farm |
| 11:25 | Build | Palisade Wall |
| 11:30 | Build | Palisade Wall |
| 11:34 | Build | Palisade Wall |
| 11:41 | Build | Palisade Wall |
| 11:46 | Queue | Villager (Male) |
| 11:47 | Queue | Villager (Male) |
| 12:16 | Build | Farm |
| 12:18 | Build | Palisade Wall |
| 12:28 | Build | Palisade Wall |
| 12:38 | Queue | Villager (Male) |
| 12:39 | Build | Farm |
| 12:43 | Build | Farm |
| 12:45 | Build | Farm |
| 12:56 | Build | Palisade Wall |
| 13:02 | Queue | Villager (Male) |
| 13:07 | Build | Farm |
| 13:11 | Build | Palisade Wall |
| 13:26 | Queue | Villager (Male) |
| 13:29 | Build | Farm |
| 13:50 | Build | Farm |
| 13:57 | Research | Feudal Age |
| 13:59 | Build | Palisade Wall |
| 14:00 | Build | Palisade Wall |
| 14:12 | Build | Farm |
| 14:50 | Build | Palisade Wall |
| 14:51 | Build | Palisade Wall |
| 14:56 | Build | Palisade Wall |
| 14:57 | Build | Palisade Wall |
| 14:58 | Build | Palisade Wall |
| 14:59 | Build | Palisade Wall |
| 15:33 | Queue | Villager (Male) |
| 15:45 | Build | House |
| 15:55 | Build | House |
| 16:07 | Age | Feudal Age |
| 16:09 | Build | Archery Range |
| 16:10 | Build | Blacksmith |
| 16:21 | Research | Horse Collar |
| 16:39 | Queue | Villager (Male) |
| 16:40 | Queue | Villager (Male) |
| 16:47 | Build | House |
| 16:54 | Queue | Skirmisher |
| 16:54 | Queue | Skirmisher |
| 16:54 | Queue | Skirmisher |
| 17:00 | Build | House |
| 17:00 | Build | Palisade Wall |
| 17:10 | Research | Padded Archer Armor |
| 17:14 | Build | Farm |
| 17:16 | Build | Farm |
| 17:16 | Build | Farm |
| 17:18 | Build | House |
| 17:19 | Build | Palisade Wall |
| 17:27 | Build | House |
| 17:31 | Queue | Skirmisher |
| 17:32 | Queue | Skirmisher |
| 17:34 | Queue | Villager (Male) |
| 17:34 | Queue | Villager (Male) |
| 17:42 | Build | Palisade Wall |
| 17:48 | Queue | Villager (Male) |
| 18:00 | Build | Farm |
| 18:01 | Build | Farm |
| 18:32 | Queue | Skirmisher |
| 18:32 | Queue | Villager (Male) |
| 18:32 | Queue | Villager (Male) |
| 18:41 | Queue | Villager (Male) |
| 18:42 | Queue | Skirmisher |
| 18:42 | Queue | Skirmisher |
| 19:08 | Build | Lumber Camp |
| 19:26 | Build | Market |
| 19:34 | Queue | Villager (Male) |
| 19:54 | Build | Farm |
| 19:56 | Build | Farm |
| 20:02 | Queue | Skirmisher |
| 20:02 | Queue | Skirmisher |
| 20:06 | Build | Farm |
| 20:07 | Build | Farm |
| 20:10 | Queue | Villager (Male) |
| 20:38 | Research | Castle Age |
| 20:38 | Research | Castle Age |
| 20:39 | Queue | Skirmisher |
| 20:40 | Queue | Skirmisher |
| 20:52 | Build | Farm |
| 21:08 | Research | Fletching |
| 21:16 | Build | Farm |
| 21:18 | Build | Farm |
| 21:29 | Queue | Villager (Male) |
Match timeline
| 4:56 | LiyCoh · first_building Barracks |
| 5:36 | LiyCoh · wall_segment Palisade Wall x1 |
| 5:36 | LiyCoh · wall_segment Palisade Wall x1 |
| 5:36 | LiyCoh · wall_segment Palisade Wall x1 |
| 8:31 | LiyCoh · wall_segment Palisade Wall x1 |
| 8:32 | LiyCoh · wall_segment Palisade Wall x1 |
| 8:33 | LiyCoh · wall_segment Palisade Wall x3 |
| 8:34 | CNZS_迷你车仁 · first_building Barracks |
| 8:53 | CNZS_迷你车仁 · age_up feudal |
| 8:59 | LiyCoh · wall_segment Palisade Wall x1 |
| 9:00 | LiyCoh · wall_segment Palisade Wall x2 |
| 9:25 | LiyCoh · wall_segment Palisade Wall x1 |
| 9:30 | CNZS_迷你车仁 · wall_segment Palisade Wall x1 |
| 9:31 | CNZS_迷你车仁 · wall_segment Palisade Wall x1 |
| 9:33 | CNZS_迷你车仁 · wall_segment Palisade Wall x1 |
| 9:37 | LiyCoh · wall_segment Palisade Wall x1 |
| 9:38 | LiyCoh · wall_segment Palisade Wall x1 |
| 9:44 | CNZS_迷你车仁 · wall_segment Palisade Wall x1 |
| 9:45 | CNZS_迷你车仁 · wall_segment Palisade Wall x1 |
| 9:55 | LiyCoh · wall_segment Palisade Wall x4 |
| 10:18 | LiyCoh · wall_segment Palisade Wall x1 |
| 10:38 | CNZS_迷你车仁 · first_building Archery Range |
| 11:25 | LiyCoh · wall_segment Palisade Wall x7 |
| 11:30 | LiyCoh · wall_segment Palisade Wall x6 |
| 11:34 | LiyCoh · wall_segment Palisade Wall x2 |
| 11:41 | LiyCoh · wall_segment Palisade Wall x1 |
| 11:52 | CNZS_迷你车仁 · wall_segment Palisade Wall x8 |
| 12:18 | LiyCoh · wall_segment Palisade Wall x7 |
| 12:28 | LiyCoh · wall_segment Palisade Wall x6 |
| 12:56 | CNZS_迷你车仁 · wall_segment Palisade Wall x5 |
| 12:56 | LiyCoh · wall_segment Palisade Wall x6 |
| 13:09 | CNZS_迷你车仁 · wall_segment Palisade Wall x3 |
| 13:11 | LiyCoh · wall_segment Palisade Wall x7 |
| 13:59 | LiyCoh · wall_segment Palisade Wall x1 |
| 14:00 | LiyCoh · wall_segment Palisade Wall x8 |
| 14:50 | LiyCoh · wall_segment Palisade Wall x1 |
| 14:51 | LiyCoh · wall_segment Palisade Wall x1 |
| 14:56 | LiyCoh · wall_segment Palisade Wall x1 |
| 14:57 | LiyCoh · wall_segment Palisade Wall x1 |
| 14:58 | LiyCoh · wall_segment Palisade Wall x1 |
| 14:59 | LiyCoh · wall_segment Palisade Wall x1 |
| 16:07 | LiyCoh · age_up feudal |
| 16:09 | LiyCoh · first_building Archery Range |
| 17:00 | LiyCoh · wall_segment Palisade Wall x1 |
| 17:19 | LiyCoh · wall_segment Palisade Wall x1 |
| 17:38 | CNZS_迷你车仁 · wall_segment Stone Wall x1 |
| 17:38 | CNZS_迷你车仁 · wall_segment Stone Wall x1 |
| 17:38 | CNZS_迷你车仁 · wall_segment Stone Wall x1 |
| 17:42 | LiyCoh · wall_segment Palisade Wall x1 |
| 20:21 | CNZS_迷你车仁 · wall_segment Stone Wall x1 |
| 20:22 | CNZS_迷你车仁 · wall_segment Stone Wall x1 |
| 20:22 | CNZS_迷你车仁 · wall_segment Stone Wall x1 |
| 20:23 | CNZS_迷你车仁 · wall_segment Stone Wall x1 |
| 20:30 | LiyCoh · first_market_sell 100 stone |
| 20:32 | CNZS_迷你车仁 · wall_segment Palisade Wall x12 |
| 22:23 | LiyCoh · wall_segment Palisade Wall x1 |
| 22:24 | LiyCoh · wall_segment Palisade Wall x1 |
| 22:24 | LiyCoh · wall_segment Palisade Wall x1 |
| 22:50 | CNZS_迷你车仁 · wall_segment Palisade Wall x3 |
| 22:57 | CNZS_迷你车仁 · age_up castle |
| 23:18 | LiyCoh · age_up castle |
| 23:19 | CNZS_迷你车仁 · first_building Siege Workshop |
| 24:50 | LiyCoh · wall_segment Palisade Wall x1 |
| 25:25 | LiyCoh · first_building Siege Workshop |
| 26:02 | LiyCoh · first_market_buy 100 wood |
| 27:39 | CNZS_迷你车仁 · first_building Stable |
| 29:24 | LiyCoh · first_building Monastery |
| 29:38 | CNZS_迷你车仁 · wall_segment Stone Wall x1 |
| 29:39 | CNZS_迷你车仁 · wall_segment Stone Wall x1 |
| 29:39 | CNZS_迷你车仁 · wall_segment Stone Wall x1 |
| 29:40 | CNZS_迷你车仁 · wall_segment Stone Wall x1 |
| 29:52 | CNZS_迷你车仁 · first_building Monastery |
| 35:40 | LiyCoh · wall_segment Palisade Wall x13 |
| 36:48 | CNZS_迷你车仁 · wall_segment Stone Wall x1 |
| 36:56 | LiyCoh · wall_segment Palisade Wall x1 |
| 38:35 | LiyCoh · wall_segment Palisade Wall x1 |
| 38:35 | LiyCoh · wall_segment Palisade Wall x1 |
| 39:24 | CNZS_迷你车仁 · age_up imperial |
| 39:30 | LiyCoh · first_building Castle |
| 39:49 | LiyCoh · age_up imperial |
| 39:50 | LiyCoh · first_building Stable |
| 40:44 | CNZS_迷你车仁 · first_building Castle |
| 43:22 | CNZS_迷你车仁 · first_market_buy 100 wood |
| 51:26 | LiyCoh · resign |
[ AI ANALYSIS · 1 CREDIT ]
What really happened in this match?
Wolo.gg analyzes every decision: build order, eco, micro, common mistakes by bracket. Personalized analysis on WhatsApp or Discord in 30 seconds.
Civ guide
Wei
Perfil
Jugador #5036165